 Dungeon Crawl Stone Soup version 0.27.1-15-g792fb953b9 (webtiles) character file.

Game seed: 577426711536340842

93 bearlyready the Cutter (level 4, -3/28 HPs)
             Began as a Kobold Fighter on Nov 18, 2021.
             Slain by Grinder (5 damage)
             ... on level 3 of the Dungeon.
             The game lasted 00:05:22 (2572 turns).

bearlyready the Cutter (Kobold Fighter)             Turns: 2572, Time: 00:05:23

Health: -3/28      AC: 12    Str: 13    XL:     4   Next: 92%
Magic:  4/4        EV: 10    Int:  9    God:
Gold:   77         SH:  5    Dex: 15    Spells: 3/3 levels left

rFire    . . .     SeeInvis .   a - +0 rapier
rCold    . . .     Faith    .   c - +0 buckler
rNeg     . . .     Spirit   .   b - +0 scale mail
rPois    .         Reflect  .   o - +2 helmet
rElec    .         Harm     .   (no cloak)
rCorr    .         Rampage  .   (no gloves)
Will     .....                  n - +2 pair of boots
Stlth    ++........             (no amulet)
HPRegen  0.09/turn              j - ring of flight
MPRegen  0.09/turn              (no ring)

@: mighty, flying
A: small, no large weapons, nightstalker 3
a: no special abilities


You were on level 3 of the Dungeon.
You visited 1 branch of the dungeon, and saw 3 of its levels.

You collected 77 gold pieces.

Inventory:

Hand Weapons
 a - a +0 rapier (weapon)
Missiles
 f - 12 boomerangs (quivered)
Armour
 b - a +0 scale mail (worn)
 c - a +0 buckler (worn)
 n - a +2 pair of boots (worn)
 o - a +2 helmet (worn)
Jewellery
 h - a ring of fire
 j - a ring of flight (left hand)
Scrolls
 g - 2 scrolls of teleportation {unknown}
 l - a scroll of noise {unknown}
 p - a scroll of silence {unknown}
Potions
 e - 2 potions of degeneration {unknown}
 i - a potion of flight {unknown}
 k - a potion of mutation {unknown}
 m - 2 potions of resistance {unknown}


   Skills:
 - Level 3.2 Fighting
 + Level 4.7 Short Blades
 + Level 0.0 Throwing
 - Level 2.4 Armour
 + Level 4.1 Stealth
 - Level 2.4 Shields


You had 3 spell levels left.
You didn't know any spells.
Your spell library was empty.

Dungeon Overview and Level Annotations

Branches:
Dungeon (3/15)

Altars:
Uskayaw
Vehumet

Annotations:
D:3 Grinder


Innate Abilities, Weirdness & Mutations

You are small and have problems with some larger weapons.
You are completely attuned to the shadows.


Message History

Grinder is severely wounded.
Throw: 12 boomerangs
Press: ? - help, Q - select action Shift-Dir - straight line, f/p - Grinder
Aim: Grinder (severely wounded, 55% to hit)
You throw a boomerang.
The boomerang hits Grinder but does no damage.
Grinder is severely wounded.
Grinder gestures at you.
You suddenly lose the ability to move!
The endoplasm hits you but does no damage.
Grinder gestures at you. Pain shoots through your body!
The endoplasm hits you but does no damage. x2
Grinder gestures at you.
You shrug off the repeated paralysis!
The endoplasm hits you but does no damage.
Grinder hits you but does no damage.
The endoplasm hits you but does no damage.
Grinder gestures at you. Pain shoots through your body!
The endoplasm freezes you.
You are frozen.
Grinder barely misses you.
You can move again.
Unknown command.
Unknown command.
You feel very mighty all of a sudden.
The endoplasm hits you but does no damage.
Grinder blinks!
The endoplasm completely misses you. The endoplasm freezes you.
You are frozen.
* * * LOW HITPOINT WARNING * * *
Grinder blinks!
The endoplasm freezes you.
You are frozen.
* * * LOW HITPOINT WARNING * * *
Grinder hits you.
* * * LOW HITPOINT WARNING * * *
You writhe in agony.
You die...

#.....#
.........
.........#
.........#
.........#
..>......#
.....J.5.#
......@..#
.........##
#......#..#
######.##.##
#.#8.8###
#.......######
###8.8#......#
##.##......#
#.........#


You could see Grinder and an endoplasm.

Vanquished Creatures
  A gnoll (D:1)
  2 adders
  A worm (D:2)
  2 dart slugs
  5 orcs
  6 bats
  4 endoplasms
  4 giant cockroaches
  3 goblins
  4 hobgoblins (D:1)
  4 kobolds
  4 quokkas
  4 ball pythons
  A frilled lizard (D:3)
  6 rats
51 creatures vanquished.

Notes
Turn   | Place    | Note
-------+----------+-------------------------------------------
     0 | D:1      | bearlyready the Kobold Fighter began the quest for the Orb.
     0 | D:1      | Reached XP level 1. HP: 14/14 MP: 1/1
    78 | D:1      | Reached skill level 1 in Stealth
   183 | D:1      | Reached XP level 2. HP: 19/19 MP: 2/2
   251 | D:1      | Found a faded altar of an unknown god.
   530 | D:1      | Reached XP level 3. HP: 14/23 MP: 3/3
  1591 | D:2      | Reached XP level 4. HP: 28/28 MP: 4/4
  1797 | D:2      | Found a hide-covered altar of Uskayaw.
  2356 | D:3      | Found a radiant altar of Vehumet.
  2555 | D:3      | Noticed Grinder
  2562 | D:3      | Paralysed by Grinder for 6 turns
  2572 | D:3      | Slain by Grinder

Illustrated notes

Levels and vault maps discovered:
D:1:      lightli_iron_boxes, layout_basic, shapermc_ecumenical_altar_venn,
          minmay_misc_feat_more_columns, minmay_tetromino_t2
D:2:      layout_rooms, basic_altar
D:3:      layout_rooms, general_overflow_altar, mainiacjoe_overflow_paths,
          small_statue_intersection, uniq_grinder

Skill      XL: |  1  2  3  4 |
---------------+-------------+-----
Stealth        | 1 2 3 4 |  4.1
Short Blades   | 3 4 |  4.7
Fighting       | |  3.2
Armour         | |  2.4
Shields        | |  2.4

Action                   |  1- 3 |  4- 6 || total
-------------------------+-------+-------++-------
Melee: Rapier            |    88 |    72 ||   160
Throw: Boomerang         |     4 |     2 ||     6
  Use: Potion            |     1 |     1 ||     2
 Stab: Sleeping          |     5 |     6 ||    11
Armor: Scale mail        |    44 |    37 ||    81
Dodge: Dodged            |    55 |    39 ||    94
Block: Buckler           |    38 |    18 ||    56
